 Dungeon Crawl Stone Soup version 0.30.1 (webtiles) character file.

Game seed: 8356523889562332476

29411 adizb the Soothsayer (level 13, -3/72 HPs)
             Began as a Demonspawn Gladiator on July 5, 2023.
             Was a Priest of Nemelex Xobeh.
             Slain by a thrashing horror (6 damage)
             ... on level 3 of the Abyss.
             The game lasted 01:26:16 (9663 turns).

adizb the Soothsayer (Demonspawn Gladiator)         Turns: 9663, Time: 01:26:19

Health: -3/72      AC: 25    Str: 17    XL:     13   Next: 15%
Magic:  0/22       EV:  9    Int: 14    God:    Nemelex Xobeh [***...]
Gold:   2336       SH:  0    Dex: 15    Spells: 12/12 levels left

rFire   x . .        F - +7 war axe (pain)
rCold   + . .        (no shield)
rNeg    . . .        n - +5 chain mail "Sesoal" {rF+ Will+ Int+3 Slay+3}
rPois   .            c - +4 helmet "Seischojo" {SInv}
rElec   .            R - scarf {repulsion}
rCorr   .            (gloves unavailable)
SInv    +            m - +1 pair of boots
Will    ++...        s - amulet of Birdsong {RegenMP rC+ Int+3} Stlth
                     U - ring of willpower
HPRegen 0.32/turn    l - +4 ring of protection
MPRegen 0.76/turn

%: random rage (9%), repel missiles, guardian spirit
@: on berserk cooldown, slowed, unable to read, very slow
A: yellow scales 1, powered by pain 2, magic shield, magic regeneration, magic
link, demonic touch 3, high MP 1, passive freeze, wild magic 1, evolution 1,
[berserk 2], [deformed body], [deterioration 2], dopey 1[+1], frail 1[+2], [low
MP 2], [screaming 2], [heat vulnerability 2], [inability to read after injury 2]
a: Renounce Religion, Draw Escape, Draw Destruction, Draw Summoning, Triple Draw


You were on level 3 of the Abyss.
You worshipped Nemelex Xobeh.
Nemelex Xobeh was most pleased with you.
You visited 3 branches of the dungeon, and saw 14 of its levels.
You visited the Abyss 1 time.
You also visited: Trove.

You collected 2974 gold pieces.
You spent 638 gold pieces at shops.

Inventory:

Hand Weapons
 D - a +3 broad axe
 F - a +7 war axe of pain (weapon)
 Z - a +2 war axe of flaming
Missiles
 d - 4 throwing nets
 e - 12 javelins (quivered)
Armour
 c - the +4 helmet "Seischojo" (worn) {SInv}
   (You found it in a treasure trove)

   SInv:      It lets you see invisible.
 m - a +1 pair of boots (worn)
 n - the +5 chain mail "Sesoal" (worn) {rF+ Will+ Int+3 Slay+3}
   (You found it on level 3 of the Dungeon)

   Int:       It affects your intelligence (+3).
   Slay:      It affects your accuracy & damage with ranged weapons and melee
   (+3).
   rF:        It protects you from fire.
   Will:      It increases your willpower.
 A - a +2 helmet
 R - a scarf of repulsion (worn)
 V - a +2 plate armour of poison resistance
Magical Staves
 K - a staff of death
Jewellery
 i - a ring of protection from fire
 l - a +4 ring of protection (right hand)
 s - the amulet of Birdsong (around neck) {RegenMP rC+ Int+3}
   (You found it in a treasure trove)

   [amulet of magic regeneration]

   It increases your rate of magic regeneration.
   Int:       It affects your intelligence (+3).
   rC:        It protects you from cold.
 v - an amulet of the acrobat
 C - a ring of protection from cold
 J - a ring of flight
 P - a ring of wizardry
 U - a ring of willpower (left hand)
Wands
 x - a wand of acid (6)
 z - a wand of flame (31)
 I - a wand of iceblast (10)
 O - a wand of mindburst (11)
 Y - a wand of paralysis (7)
Scrolls
 b - 2 scrolls of magic mapping
 g - a scroll of enchant weapon
 h - 3 scrolls of enchant armour
 k - a scroll of fear
 p - a scroll of poison
 r - 2 scrolls of teleportation
 y - 2 scrolls of amnesia
 E - 2 scrolls of fog
 M - 2 scrolls of blinking
 N - a scroll of identify
Potions
 a - a potion of lignification
 f - 4 potions of brilliance
 j - a potion of cancellation
 u - a potion of might {unknown}
 B - a potion of degeneration {unknown}
 G - a potion of magic {unknown}
 H - a potion of haste
 L - 11 potions of mutation
 Q - 4 potions of flight
 T - 2 potions of berserk rage {unknown}
 W - a potion of resistance {unknown}
Miscellaneous
 w - a phial of floods
 S - a piece from Xom's chessboard (15/15)
 X - a lightning rod (4/4)


   Skills:
 + Level 9.8 Fighting
 - Level 1.0 Long Blades
 + Level 8.0 Axes
 - Level 5.6 Staves
 - Level 1.7 Throwing
 + Level 7.8 Armour
 - Level 2.6 Dodging
 - Level 5.1 Unarmed Combat
 + Level 6.3 Necromancy
 * Level 16.4 Invocations
 - Level 3.0 Evocations


You had 12 spell levels left.
You didn't know any spells.
Your spell library contained the following spells:

 Spells                   Type           Power      Damage    Failure   Level
 Beastly Appendage        Tmut           0%         N/A       96%         1
 Wereblood                Tmut           0%         N/A       99%         2
 Hailstorm                Conj/Ice       0%         3d3       100%        3
 Spider Form              Tmut/Pois      0%         N/A       100%        3
 Ice Form                 Ice/Tmut       0%         N/A       100%        4
 Simulacrum               Ice/Necr       5%         N/A       100%        6


Dungeon Overview and Level Annotations

Branches:
Dungeon (10/15)            Temple (1/1) D:5            Lair (3/5) D:10
 Shoals (0/4) Lair:2       Spider (0/4) Lair:3
    Orc: D:9-12

Altars:
Ashenzari
Cheibriados
Dithmenos
Fedhas
Gozag
Hepliaklqana
Kikubaaqudgha
Makhleb
Nemelex Xobeh
Okawaru
Qazlal
Ru
Sif Muna
Trog
Uskayaw
Vehumet
Wu Jian
Xom
Yredelemnul

Shops:
D:7 ?

Annotations:
Lair:3 Sonja


Innate Abilities, Weirdness & Mutations

You are partially covered in yellow scales. (AC +2)
You sometimes gain power by taking damage.
When hurt, damage is shared between your health and your magic reserves.
You regenerate magic rapidly.
When low on magic, you restore magic in place of health.
Your touch may irresistibly damage your foes and sap their willpower.
You have an increased reservoir of magic. (+10% MP)
A frigid envelope surrounds you and freezes all who hurt you.
Your spells are a little harder to cast, but a little more powerful.
You have hidden genetic potential.
[You have an uncontrollable temper.]
[Armour fits poorly on your strangely shaped body.]
[Your body often deteriorates upon taking damage.]
[You are very dopey. (Int -4)]
[You are extremely frail. (-30% HP)]
[Your magical capacity is very low. (-20% MP)]
[You frequently scream uncontrollably at your foes.]
[You are very vulnerable to heat. (rF--)]
[You sometimes lose the ability to read scrolls when taking damage.]


Message History

The red very ugly thing gurgles horribly!
You hear a shout!
You hear a hideous shriek!
You are too berserk!
You feel a little less agile now.
You slice the red very ugly thing!!
You touch the red very ugly thing!
You sap its willpower!
The red very ugly thing is moderately wounded.
You are no longer berserk.
You are exhausted.
You feel yourself slow down.
The red very ugly thing trunk-slaps you!
You feel threatened and lose the ability to read scrolls!
* * * LOW HITPOINT WARNING * * *
The red very ugly thing is very cold.
The red very ugly thing is moderately wounded.
You cannot read scrolls in your current state!
Okay, then.
You cannot read scrolls in your current state!
Okay, then.
Okay, then.
An ufetubus comes into view.
The thrashing horror barely misses you. The thrashing horror misses you.
The red very ugly thing attacks as you move away!
The red very ugly thing trunk-slaps you but does no damage.
The red very ugly thing is very cold.
The red very ugly thing is heavily wounded.
The thrashing horror tramples you but does no damage.
The thrashing horror resists.
The thrashing horror is very cold.
The thrashing horror is heavily damaged.
The thrashing horror tramples you!
* * * LOW HITPOINT WARNING * * *
You stumble backwards!
The thrashing horror tramples you.
* * * LOW HITPOINT WARNING * * *
You hold your ground!
The thrashing horror resists.
The thrashing horror is very cold.
The thrashing horror is heavily damaged.
The thrashing horror tramples you!
You die...
Your body glows with a rainbow of weird colours and disappears.

#.. #.## #..## #####
#...### #.# . ##.
#....2# . ..#
#....###5#)#..#.#..#
#...u.*### 2..#
#..####X#..#*### #..
#.@#*## ## #.#
###...# # #.###.#..
#.## #. ...##....#
#.####.. #...
#.##.#... .... .. #
. .#.#.... ##.#2..#
.#. # ##.. ##.


You could see a green death, a wretched star and a thrashing horror (strong).

Vanquished Creatures
  A tentacled starspawn (Abyss:2)
  A quicksilver ooze (Lair:1)
  A hydra (Lair:2)
  A thrashing horror (Abyss:3)
  Urug (Lair:3)
  Pikel (D:5)
  A spatial maelstrom (Abyss:2)
  An orc sorcerer (Abyss:3)
  5 elephants (Lair:1)
  An apocalypse crab (Abyss:2)
  A merfolk siren (Lair:2)
  A black mamba (Lair:1)
  5 cane toads
  3 unseen horrors
  2 rime drakes
  9 komodo dragons
  A troll (D:9)
  2 merfolk (Lair:2)
  A tyrant leech (Abyss:2)
  Prince Ribbit (D:9)
  9 blink frogs
  A raiju (Abyss:2)
  3 culicivoras (Lair:3)
  A spriggan (Lair:2)
  29 yaks
  A wraith (D:10)
  2 wyverns (Lair:1)
  2 basilisks
  3 steam dragons
  A large abomination (Abyss:2)
  Eustachio (D:6)
  4 water moccasins
  4 orc warriors
  A sky beast (D:7)
  An ice beast (D:3)
  2 black bears (D:5)
  2 ogres
  3 wolves (Lair:3)
  3 lemures (D:5)
  4 centaurs
  A phantom (D:5)
  A small abomination (Abyss:3)
  Blork the orc (D:5)
  2 kobold brigands (D:8)
  10 bullfrogs
  4 scorpions (D:5)
  17 wights
  4 killer bees
  3 quasits
  4 jellies
  8 orc priests
  A starcursed mass (Abyss:2)
  4 hounds
  An iron imp (Abyss:3)
  A sleepcap (D:6)
  3 iguanas
  5 orc wizards
  9 adders
  4 gnolls
  2 shadow imps
  An ufetubus (D:7)
  4 worms
  3 dart slugs
  23 orcs
  7 bats
  6 endoplasms
  2 giant cockroaches
  11 goblins
  4 hobgoblins
  9 jackals
  A quokka (D:2)
  2 ball pythons
  4 frilled lizards
  3 kobolds
  3 rats
285 creatures vanquished.

Vanquished Creatures (collateral kills)
  A mana viper (Abyss:2)
  2 shining eyes (Trove)
  A will-o-the-wisp (Abyss:2)
  A cane toad (Lair:2)
  2 komodo dragons (Lair:2)
  A wyvern (D:8)
  A water moccasin (Lair:2)
  A bullfrog (D:8)
  A killer bee (D:8)
  3 gnoll boudas (D:8)
  4 gnolls (D:8)
  5 orcs
23 creatures vanquished.

Vanquished Creatures (others)
  22 foxfires (Abyss:2)
  A lurking horror (Abyss:3)
  20 starspawn tentacles
43 creatures vanquished.

Grand Total: 351 creatures vanquished

Notes
Turn   | Place    | Note
-------+----------+-------------------------------------------
     0 | D:1      | adizb the Demonspawn Gladiator began the quest for the Orb.
     0 | D:1      | Reached XP level 1. HP: 16/16 MP: 1/1
   106 | D:1      | Reached skill level 1 in Invocations
   264 | D:1      | Found a faded altar of an unknown god.
   422 | D:1      | Gained mutation: You regenerate magic rapidly. [demonic
                  | ancestry]
   422 | D:1      | Reached XP level 2. HP: 21/22 MP: 3/3
   863 | D:2      | Reached skill level 2 in Invocations
   924 | D:3      | Gained mutation: You are partially covered in yellow
                  | scales. (AC +2) [demonic ancestry]
   924 | D:3      | Reached XP level 3. HP: 5/28 MP: 4/4
  1070 | D:3      | Reached skill level 3 in Invocations
  1237 | D:3      | Gained mutation: Your touch may inflict minor irresistible
                  | damage on your foes. [demonic ancestry]
  1237 | D:3      | Reached XP level 4. HP: 34/34 MP: 6/6
  1394 | D:3      | Identified the +5 chain mail "Sesoal" {rF+ Will+ Int+3
                  | Slay+3}
  1661 | D:2      | Reached skill level 1 in Unarmed Combat
  1717 | D:2      | Reached skill level 4 in Invocations
  1717 | D:2      | Gained mutation: When hurt, damage is shared between your
                  | health and your magic reserves. [demonic ancestry]
  1717 | D:2      | Reached XP level 5. HP: 13/41 MP: 6/8
  2203 | D:4      | Noticed an ice beast
  2216 | D:3      | Killed an ice beast
  2217 | D:3      | Gained mutation: When low on magic, you restore magic in
                  | place of health. [demonic ancestry]
  2217 | D:3      | Reached XP level 6. HP: 47/47 MP: 9/9
  2328 | D:4      | Noticed an orc warrior
  2372 | D:3      | Killed an orc warrior
  2373 | D:3      | Reached skill level 5 in Invocations
  2564 | D:4      | Found a sparkling altar of Nemelex Xobeh.
  2567 | D:4      | Became a worshipper of Nemelex Xobeh the Trickster
  2783 | D:4      | Gained mutation: You sometimes gain a little power by
                  | taking damage. [demonic ancestry]
  2783 | D:4      | Reached XP level 7. HP: 49/52 MP: 11/11
  3001 | D:5      | Entered Level 5 of the Dungeon
  3006 | D:5      | Found a staircase to the Ecumenical Temple.
  3037 | Temple   | Entered the Ecumenical Temple
  3243 | D:5      | Reached * piety under Nemelex Xobeh
  3287 | D:5      | Reached skill level 6 in Invocations
  3370 | D:5      | Noticed Pikel
  3385 | D:5      | Killed Pikel
  3386 | D:5      | Reached skill level 5 in Fighting
  3386 | D:5      | Reached skill level 1 in Armour
  3386 | D:5      | Reached skill level 7 in Invocations
  3386 | D:5      | Reached XP level 8. HP: 23/62 MP: 5/13
  3537 | D:5      | Found a bloodstained altar of Trog.
  3553 | D:5      | Reached skill level 8 in Invocations
  3606 | D:5      | Reached skill level 5 in Unarmed Combat
  3729 | D:5      | Noticed Blork the orc
  3738 | D:5      | Killed Blork the orc
  4103 | D:6      | Noticed Eustachio
  4128 | D:6      | Killed Eustachio
  4129 | D:6      | Reached skill level 9 in Invocations
  4146 | D:6      | Reached skill level 1 in Long Blades
  4190 | D:6      | Reached XP level 9. HP: 53/69 MP: 12/16
  4322 | D:6      | Identified the +9 whip of Intuition {heavy, rPois Dex+5}
  4597 | D:7      | Reached skill level 1 in Necromancy
  4617 | D:7      | Found Yrilyl's Magic Scroll Shop.
  4618 | D:7      | Received a gift from Nemelex Xobeh
  4631 | D:7      | Bought a scroll of identify for 22 gold pieces
  4631 | D:7      | Bought a scroll of fear for 44 gold pieces
  4755 | D:7      | Reached skill level 10 in Invocations
  4766 | D:7      | Reached ** piety under Nemelex Xobeh
  4876 | D:7      | Received a gift from Nemelex Xobeh
  5455 | D:8      | Reached skill level 1 in Staves
  5455 | D:8      | Reached skill level 11 in Invocations
  5455 | D:8      | Reached skill level 1 in Evocations
  5455 | D:8      | Gained mutation: You sometimes gain power by taking damage.
                  | [demonic ancestry]
  5455 | D:8      | Reached XP level 10. HP: 77/77 MP: 18/18
  5521 | D:8      | Received a gift from Nemelex Xobeh
  5681 | D:8      | Found an ornate altar of the Wu Jian Council.
  5825 | D:9      | Reached skill level 5 in Axes
  5929 | D:9      | Reached skill level 12 in Invocations
  6081 | D:9      | Noticed Prince Ribbit
  6090 | D:9      | Killed Prince Ribbit
  6091 | D:9      | Reached skill level 5 in Armour
  6169 | D:9      | Found a shimmering blue altar of Sif Muna.
  6169 | D:9      | Found a blossoming altar of Fedhas.
  6170 | D:9      | Found a snail-covered altar of Cheibriados.
  6303 | D:10     | Entered Level 10 of the Dungeon
  6319 | D:10     | Found a staircase to the Lair.
  6426 | D:10     | Reached *** piety under Nemelex Xobeh
  6433 | D:10     | Found an iron altar of Okawaru.
  6441 | D:10     | Received a gift from Nemelex Xobeh
  6539 | D:10     | Gained mutation: Your touch may inflict irresistible damage
                  | on your foes. [demonic ancestry]
  6539 | D:10     | Reached XP level 11. HP: 63/84 MP: 18/20
  6638 | D:10     | Found a portal to a secret trove of treasure.
  6673 | Trove    | Entered a treasure trove
  6673 | Trove    | Found the +8 Wrath of Trog {antimagic, *Rage Rampage}
  6677 | Trove    | Identified the +7 great mace "Covae" {spect, rF+ Int+3}
  6688 | Trove    | Noticed a shining eye
  6692 | Trove    | Gained mutation: You are clumsy. (Dex -2) [a shining eye]
  6693 | Trove    | Gained mutation: You have a pair of small antennae on your
                  | head. [a shining eye]
  6699 | Trove    | Killed a shining eye
  6700 | Trove    | Reached skill level 5 in Necromancy
  6708 | Trove    | Identified the +4 helmet "Seischojo" {SInv}
  6713 | Trove    | Noticed a shining eye
  6723 | Trove    | Gained mutation: You possess an exceptional clarity of
                  | mind. [a shining eye]
  6728 | Trove    | Killed a shining eye
  6730 | Trove    | Identified the amulet of Birdsong {RegenMP rC+ Int+3}
  6746 | D:10     | Lost mutation: You are clumsy. (Dex -2) [potion of
                  | mutation]
  6746 | D:10     | Lost mutation: You possess an exceptional clarity of mind.
                  | [potion of mutation]
  6746 | D:10     | Lost mutation: You have a pair of small antennae on your
                  | head. [potion of mutation]
  6746 | D:10     | Gained mutation: You are robust. (+10% HP) [potion of
                  | mutation]
  6746 | D:10     | Gained mutation: You have a pair of small horns on your
                  | head. [potion of mutation]
  6746 | D:10     | Gained mutation: You are vulnerable to cold. (rC-) [potion
                  | of mutation]
  6747 | D:10     | Lost mutation: You are robust. (+10% HP) [potion of
                  | mutation]
  6747 | D:10     | Lost mutation: You are vulnerable to cold. (rC-) [potion of
                  | mutation]
  6747 | D:10     | Gained mutation: You have hidden genetic potential. [potion
                  | of mutation]
  6747 | D:10     | Gained mutation: You passively map a small area around you.
                  | [potion of mutation]
  6748 | D:10     | Lost mutation: You have a pair of small horns on your head.
                  | [potion of mutation]
  6748 | D:10     | Lost mutation: You passively map a small area around you.
                  | [potion of mutation]
  6748 | D:10     | Gained mutation: A frigid envelope surrounds you and
                  | freezes all who hurt you. [potion of mutation]
  6748 | D:10     | Gained mutation: [You are frail. (-10% HP)] [potion of
                  | mutation]
  6748 | D:10     | Gained mutation: [You are dopey. (Int -2)] [potion of
                  | mutation]
  6748 | D:10     | Gained mutation: You have an increased reservoir of magic.
                  | (+10% MP) [potion of mutation]
  6870 | D:7      | Bought a scroll of acquirement for 572 gold pieces
  6872 | D:7      | Acquired 891 gold pieces
  7350 | Lair:1   | Entered Level 1 of the Lair of Beasts
  7360 | Lair:1   | Reached skill level 13 in Invocations
  7467 | Lair:1   | Reached skill level 14 in Invocations
  7662 | Lair:1   | Noticed a catoblepas
  7667 | Lair:1   | a catoblepas changed into a quicksilver ooze
  7667 | Lair:1   | Noticed a quicksilver ooze
  7673 | Lair:1   | Killed a quicksilver ooze
  7674 | Lair:1   | Gained mutation: Your touch may irresistibly damage your
                  | foes and sap their willpower. [demonic ancestry]
  7674 | Lair:1   | Reached XP level 12. HP: 59/84 MP: 23/25
  7908 | Lair:1   | Gained mutation: You have great hidden genetic potential.
                  | [hidden potential]
  7974 | Lair:2   | Reached skill level 5 in Staves
  8001 | Lair:2   | Reached skill level 15 in Invocations
  8247 | Lair:2   | Noticed a seven-headed hydra
  8256 | Lair:2   | Killed a seven-headed hydra
  8640 | Lair:2   | Found a staircase to the Shoals.
  8747 | Lair:3   | Noticed Urug
  8755 | Lair:3   | Killed Urug
  8801 | Lair:3   | Identified the +1 sling of Ynuc {flame, Int+2}
  9012 | Lair:3   | Received a gift from Nemelex Xobeh
  9107 | Lair:3   | Found a hole to the Spider Nest.
  9119 | Lair:3   | Reached skill level 16 in Invocations
  9122 | Lair:3   | Noticed Sonja
  9126 | Abyss:1  | Cast into level 1 of the Abyss (Sonja)
  9166 | Abyss:2  | Noticed a starcursed mass
  9176 | Abyss:2  | Paralysed by accursed screaming for 1 turns
  9179 | Abyss:2  | Found a corrupted altar of Lugonu.
  9221 | Abyss:2  | a skyshark changed into an entropy weaver
  9221 | Abyss:2  | Noticed an entropy weaver
  9223 | Abyss:2  | Noticed an anaconda
  9291 | Abyss:2  | Noticed a brown very ugly thing
  9384 | Abyss:2  | Noticed a tentacled starspawn
  9445 | Abyss:2  | Killed a tentacled starspawn
  9446 | Abyss:2  | Reached XP level 13. HP: 15/91 MP: 15/27
  9456 | Abyss:2  | Noticed an eidolon
  9492 | Abyss:2  | Gained mutation: Your spells are a little harder to cast,
                  | but a little more powerful. [hidden potential]
  9492 | Abyss:2  | Lost mutation: You have great hidden genetic potential.
                  | [hidden potential expressed]
  9531 | Abyss:3  | Received a gift from Nemelex Xobeh
  9604 | Abyss:3  | Noticed a starcursed mass
  9609 | Abyss:3  | Noticed a green death
  9616 | Abyss:3  | Noticed a tentacled starspawn
  9658 | Abyss:3  | Noticed a red very ugly thing
  9662 | Abyss:3  | HP: 3/72 [thrashing horror (2)]
  9663 | Abyss:3  | Slain by a thrashing horror

Illustrated notes

Levels and vault maps discovered:
D:1:      dpeg_arrival_renting, layout_loops_ring,
          hellmonk_ecumenical_altar_leap_of_faith, dreamdust_princess_bridge
D:2:      cheibrodos_pilgrimage, layout_basic
D:3:      layout_basic, serial_glass, glass_columns_b, glass_columns_c
D:4:      layout_basic, kennysheep_mini_moat, nicolae_nh_ransacked_shop
D:5:      layout_basic, trog_ov_bears_minmay, temple_statues,
          dk_rats_in_the_wall, uniq_blork_the_orc, uniq_pikel
D:6:      layout_rooms, uniq_eustachio
D:7:      layout_loops_ring, serial_shops, nicolae_shop_advertising_works
          [nicolae_subvault_shop_adworks]
D:8:      layout_basic, mainiacjoe_overflow_six_doors_small, glass_columns_a,
          kennysheep_kite_vault
D:9:      layout_long_grid, chequers_temple_overflow_statue_of_worship,
          uniq_prince_ribbit1
D:10:     layout_loops_ring, mainiacjoe_overflow_24_doors, david_lair_shrubbed,
          nicolae_trove_entry_free_sample
Temple:   jpeg_temple_clearing
Lair:1:   layout_cave_pods, grunt_megastairs_2, serial_bayou_shore_b,
          infiniplex_staircase_pool
Lair:2:   layout_layer_cave, elwin_shoals_entry_rooms, beast_lair_carwin_10,
          lemuel_fruit_tree, serial_bayou_shore_a
Lair:3:   layout_roguey, hellmonk_spider_entry_life_and_decay,
          infiniplex_staircase_pool_2, lemuel_fruit_fields, uniq_sonja,
          uniq_urug
Abyss:3:  base: Gauntlet, minivault_5, hangedman_decor_riveting,
          hangedman_decor_riveting, gammafunk_abyss_rune_reverse_zot

Skill      XL: |  1  2  3  4  5  6  7  8  9 10 11 12 13 |
---------------+----------------------------------------+-----
Invocations    | 1 2 3 4 5 7 9 11 12 14 16 | 16.4
Axes           | 3 4 5 6 7 8 |  8.0
Unarmed Combat | 1 2 3 4 5 |  5.1
Fighting       | 3 4 5 6 7 8 9 |  9.8
Armour         | 1 3 4 5 6 7 |  7.8
Long Blades    | 1 |  1.0
Necromancy     | 3 4 5 6 |  6.3
Staves         | 1 2 4 5 |  5.6
Evocations     | 1 3 |  3.0
Throwing       | |  1.7
Dodging        | |  2.6

Action                     |  1- 3 |  4- 6 |  7- 9 | 10-12 | 13-15 || total
---------------------------+-------+-------+-------+-------+-------++-------
  Melee: War axe           |    82 |     2 |    65 |   280 |    28 ||   457
         Punch             |     1 |     3 |     9 |     8 |       ||    21
         Unarmed           |       |   180 |   103 |       |       ||   283
         Touch             |       |    34 |    46 |    54 |     9 ||   143
         Scimitar          |       |       |    27 |       |       ||    27
         Staff             |       |       |       |     3 |       ||     3
  Throw: Javelin           |       |     1 |       |       |     1 ||     2
         Throwing net      |       |       |       |     1 |       ||     1
 Invoke: Draw Destruction  |       |       |     5 |    19 |       ||    24
         Draw Summoning    |       |       |       |    16 |     2 ||    18
         Draw Escape       |       |       |       |     3 |     3 ||     6
  Evoke: Lightning rod     |       |       |       |     1 |     1 ||     2
    Use: Scroll            |     3 |     2 |    10 |    10 |     1 ||    26
         Potion            |       |     1 |       |    13 |     4 ||    18
   Stab: Sleeping          |     1 |       |       |       |       ||     1
         Petrified         |       |       |       |     5 |       ||     5
         Invisible         |       |       |       |     3 |     3 ||     6
         Distracted        |       |       |       |     2 |       ||     2
         Petrifying        |       |       |       |     1 |       ||     1
 Armour: Leather armour    |    19 |    16 |       |       |       ||    35
         Chain mail        |       |   103 |   145 |   278 |    57 ||   583
         Skin              |       |       |       |    11 |       ||    11
  Dodge: Dodged            |    57 |    84 |   101 |   223 |    50 ||   515
         Repelled          |       |       |       |     1 |       ||     1
